 Dungeon Sprint DCSS version 0.31-a0-818-ge7c7cf74f0 (webtiles) character file.

Game seed: 6942591192910284870

9428 sircluck the Brawler (level 11, -29/130 HPs)
             Began as a Troll Berserker on Sept 23, 2023.
             Was the Champion of Trog.
             Annihilated by Rupert
             ... wielding a +1 heavy great sword
              (43 damage)
             ... in the Dungeon (Sprint III: "The Ten Rune Challenge").
             The game lasted 00:04:03 (986 turns).

sircluck the Brawler (Troll Berserker)               Turns: 986, Time: 00:04:03

Health: -29/130    AC:  6    Str: 29    XL:     11   Next: 22%
Magic:  10/10      EV: 13    Int:  3    God:    Trog [******]
Gold:   3785       SH:  0    Dex:  9    Spells: 10/10 levels left

rFire   . .          .
                       - Unarmed
rCold   . . .        (no shield)
rNeg    . . .        a - +0 animal skin
rPois   .            c - +1 hat
rElec   .            (no cloak)
rCorr   .            (gloves unavailable)
SInv    .            (boots unavailable)
Will    +....        (no amulet)
Stlth   +            (no ring)
HPRegen 1.21/turn    (no ring)
MPRegen 0.12/turn

%: no teleportation
@: enlightened, flying
A: large, unfitting armour, claws 3, regeneration 1, shaggy fur 1, tough skin 1,
talons 1, iridescent scales 1, deformed body, weak 1
a: Renounce Religion, Berserk, Trog's Hand, Brothers in Arms


You were in the Dungeon.
You worshipped Trog.
Trog was exalted by your worship.
You visited 1 branch You collected 3785 gold pieces.

Inventory:

Armour
 a - a +0 animal skin (worn)
 c - a +1 hat (worn)
Scrolls
 i - a scroll of torment {unknown}
 j - 2 scrolls of identify
 l - a scroll of immolation {unknown}
 m - a scroll of vulnerability {unknown}
Potions
 b - 2 potions of curing
 d - 2 potions of haste
 e - 2 potions of magic
 f - a potion of berserk rage
 k - 3 potions of enlightenment
 n - a potion of attraction {unknown}
 o - 2 potions of heal wounds
Miscellaneous
 h - a condenser vane


   Skills:
 + Level 14.0 Fighting
 + Level 13.8 Dodging
 + Level 16.2 Unarmed Combat


You had 10 spell levels left.
You didn't know any spells.
Your spell library was empty.

Dungeon Overview and Level Annotations

Branches:
Dungeon (1/1)

Altars:
Cheibriados
Dithmenos
Elyvilon
Fedhas
Gozag
Hepliaklqana
Kikubaaqudgha
Makhleb
Nemelex Xobeh
Okawaru
Qazlal
Ru
Sif Muna
Trog
Uskayaw
Vehumet
Wu Jian
Xom
Yredelemnul
Zin
The Shining One
Jiyva
Lugonu

Shops:
D (

Annotations:
D Rupert


Innate Abilities, Weirdness & Mutations

You are too large for most types of armour.
You have claws for hands.
Your natural rate of healing is unusually fast.
You are covered in fur. (AC +1)
You have tough skin. (AC +1)
You have sharp toenails.
You are partially covered in iridescent scales. (AC +2)
Armour fits poorly on your strangely shaped body.
You are weak. (Str -2)


Message History

There is an open door here.
The azure jelly jiggles.
Press: ? - help, v - describe, . - travel A closed door.
You open the door.
There are monsters nearby!
Blink to where?
Press: ? - help, Q - select action, (/) - cycle Dir - move target
As you read the scroll of blinking, it crumbles to dust.
Your stone giant disappears in a puff of smoke!
You enter the shallow water.
You close the door, pushing everything out of the way.
You see here an elephant corpse.
You enter the shallow water.
You hear a distant slurping noise.
The door mysteriously vanishes.
Unknown command.
Unknown command.
You open the door.
Rupert the Wild comes into view.
He is wielding a +1 heavy great sword.
There is an open door here.
You feel very buoyant.
You fly up into the air.
Rupert misses you.
You scratch Rupert. You claw Rupert!
Rupert is lightly wounded.
The azure jelly hits you! The azure jelly freezes you!
The azure jelly closely misses you.
The azure jelly hits you but does no damage.
The azure jelly closely misses you.
Your deep troll goes berserk!
The azure jelly barely misses you. The azure jelly hits you!
The azure jelly freezes you!!!
* * * LOW HITPOINT WARNING * * *
The azure jelly hits you.
* * * LOW HITPOINT WARNING * * *
The azure jelly hits you.
* * * LOW HITPOINT WARNING * * *
Rupert hits you with a +1 heavy great sword!!!
You die...
Rupert roars with triumph.

▓.................#___#__'.
▓▓▓▓▓▓▓▓▓▓▓▓▓▓▓▓▓▓▓▓▓▓▓▓▓▓▓
▓..).~≈≈§§§§~~♣♣.....♣♣♣♣~
▓...#~†§§~§~≈~♣♣.≈≈≈≈'♣♣†♣
▓.P.#.†≈§≈§≈~~~'†)†.†#.†♣♣
▓...#≈~~§§§§≈~♣♣♣♣♣♣♣#..♣
▓..(#~≈JJ≈≈≈≈≈♣ ###+
▓##'####J#######♣
▓........@@T....♣
▓#'#############+ ▓..J#
▓..J+ ▓...# ▓...# #+###


You could see Rupert (ally target), 3 azure jellies and a friendly deep troll
(summoned, berserk).

Vanquished Creatures
  Gastronok (D)
  A dire elephant (D)
  Erolcha (D)
  A deep elf pyromancer (D)
  An orc sorcerer (D)
  An elephant (D)
  2 cane toads (D)
  A rime drake (D)
  A komodo dragon (D)
  5 blink frogs (D)
  A shadow (D)
  2 redbacks (D)
  A spatial vortex (D)
  A swamp drake (D)
  4 orc warriors (D)
  5 two-headed ogres (D)
  3 wandering mushrooms (D)
  A water elemental (D)
  A necrophage (D)
  A jelly (D)
  2 orc priests (D)
  5 orc wizards (D)
  A wizard (D)
  A necromancer (D)
  3 humans (D)
  A kobold demonologist (D)
  A wolf (D)
  6 orcs (D)
  2 endoplasms (D)
  2 rats (D)
59 creatures vanquished.

Vanquished Creatures (collateral kills)
  A dire elephant (D)
  An elephant (D)
2 creatures vanquished.

Grand Total: 61 creatures vanquished

Notes
Turn   | Place    | Note
-------+----------+-------------------------------------------
     0 | D        | sircluck the Troll Berserker began the quest for the Orb.
     0 | D        | Reached XP level 1. HP: 22/22 MP: 0/0
    15 | D        | Reached ** piety under Trog
    42 | D        | Reached skill level 4 in Unarmed Combat
    42 | D        | Reached XP level 2. HP: 17/31 MP: 1/1
    63 | D        | Reached XP level 3. HP: 39/39 MP: 2/2
    78 | D        | Gained mutation: You have large cloven feet. [potion of
                  | mutation]
    78 | D        | Gained mutation: You are clumsy. (Dex -2) [potion of
                  | mutation]
    78 | D        | Gained mutation: You possess an exceptional clarity of
                  | mind. [potion of mutation]
    79 | D        | Lost mutation: You possess an exceptional clarity of mind.
                  | [potion of mutation]
    79 | D        | Lost mutation: You have large cloven feet. [potion of
                  | mutation]
    79 | D        | Lost mutation: You are clumsy. (Dex -2) [potion of
                  | mutation]
    79 | D        | Gained mutation: Armour fits poorly on your strangely
                  | shaped body. [potion of mutation]
    79 | D        | Gained mutation: Your spells are a little harder to cast,
                  | but a little more powerful. [potion of mutation]
    80 | D        | Lost mutation: Armour fits poorly on your strangely shaped
                  | body. [potion of mutation]
    80 | D        | Lost mutation: Your spells are a little harder to cast, but
                  | a little more powerful. [potion of mutation]
    80 | D        | Gained mutation: Armour fits poorly on your strangely
                  | shaped body. [potion of mutation]
    80 | D        | Gained mutation: You have sharp toenails. [potion of
                  | mutation]
    80 | D        | Gained mutation: You are partially covered in iridescent
                  | scales. (AC +2) [potion of mutation]
    96 | D        | Noticed a water elemental
   102 | D        | Killed a water elemental
   102 | D        | Reached *** piety under Trog
   103 | D        | Reached skill level 5 in Unarmed Combat
   103 | D        | Reached XP level 4. HP: 42/49 MP: 3/3
   113 | D        | Found a glowing silver altar of Zin.
   113 | D        | Found a glowing golden altar of the Shining One.
   113 | D        | Found a white marble altar of Elyvilon.
   114 | D        | Noticed a deep elf pyromancer
   118 | D        | Noticed a fire elemental
   119 | D        | Killed a deep elf pyromancer
   120 | D        | Reached skill level 9 in Unarmed Combat
   120 | D        | Reached XP level 5. HP: 63/63 MP: 4/4
   120 | D        | Reached XP level 6. HP: 72/72 MP: 5/5
   130 | D        | Found a hide-covered altar of Uskayaw.
   130 | D        | Found an iron altar of Okawaru.
   130 | D        | Found a bloodstained altar of Trog.
   130 | D        | Found an ornate altar of the Wu Jian Council.
   130 | D        | Noticed a human
   130 | D        | Noticed a human
   137 | D        | Killed a human
   138 | D        | Reached XP level 7. HP: 41/80 MP: 6/6
   142 | D        | Killed a human
   142 | D        | Reached **** piety under Trog
   143 | D        | Reached skill level 10 in Unarmed Combat
   191 | D        | Found a basalt altar of Yredelemnul.
   191 | D        | Found a shadowy altar of Dithmenos.
   191 | D        | Found a sacrificial altar of Ru.
   219 | D        | Noticed a shadow
   221 | D        | Killed a shadow
   222 | D        | Reached ***** piety under Trog
   223 | D        | Reached XP level 8. HP: 89/92 MP: 7/7
   261 | D        | Reached skill level 11 in Unarmed Combat
   293 | D        | Noticed a two-headed ogre
   302 | D        | Killed a two-headed ogre
   302 | D        | Received a gift from Trog
   351 | D        | Noticed a two-headed ogre
   351 | D        | Noticed Erolcha
   357 | D        | Killed Erolcha
   358 | D        | Reached skill level 10 in Fighting
   358 | D        | Reached skill level 10 in Dodging
   358 | D        | Reached skill level 12 in Unarmed Combat
   358 | D        | Reached XP level 9. HP: 102/102 MP: 8/8
   363 | D        | Killed a two-headed ogre
   444 | D        | Found a blossoming altar of Fedhas.
   444 | D        | Found a stormy altar of Qazlal.
   444 | D        | Found a snail-covered altar of Cheibriados.
   444 | D        | Found a burning altar of Makhleb.
   444 | D        | Found a shimmering altar of Xom.
   445 | D        | Found a hazy altar of Hepliaklqana.
   445 | D        | Found an opulent altar of Gozag.
   445 | D        | Found a sparkling altar of Nemelex Xobeh.
   445 | D        | Found a corrupted altar of Lugonu.
   445 | D        | Found a viscous altar of Jiyva.
   449 | D        | Reached skill level 13 in Unarmed Combat
   472 | D        | Found a radiant altar of Vehumet.
   472 | D        | Found a shimmering blue altar of Sif Muna.
   472 | D        | Found an ancient bone altar of Kikubaaqudgha.
   486 | D        | Gained mutation: You are weak. (Str -2) [a neqoxec]
   548 | D        | Found Boytedo's Weapon Boutique.
   549 | D        | Noticed an orc sorcerer
   559 | D        | Received a gift from Trog
   574 | D        | Received a gift from Trog
   583 | D        | Killed an orc sorcerer
   587 | D        | Received a gift from Trog
   589 | D        | Reached ****** piety under Trog
   608 | D        | Received a gift from Trog
   705 | D        | Noticed a wandering mushroom
   711 | D        | Noticed a wandering mushroom
   713 | D        | Noticed a wandering mushroom
   733 | D        | Reached XP level 10. HP: 95/115 MP: 9/9
   738 | D        | Reached skill level 14 in Unarmed Combat
   750 | D        | Noticed a cane toad
   750 | D        | Noticed a cane toad
   762 | D        | Killed a cane toad
   770 | D        | Killed a cane toad
   886 | D        | Received a gift from Trog
   906 | D        | Reached skill level 15 in Unarmed Combat
   919 | D        | Noticed an elephant
   919 | D        | Noticed an elephant
   919 | D        | Noticed a dire elephant
   919 | D        | Noticed a dire elephant
   920 | D        | Noticed Gastronok
   931 | D        | Killed a dire elephant
   936 | D        | Killed an elephant
   938 | D        | Killed a dire elephant
   939 | D        | Reached XP level 11. HP: 49/127 MP: 10/10
   952 | D        | Killed Gastronok
   952 | D        | Received a gift from Trog
   953 | D        | Reached skill level 16 in Unarmed Combat
   970 | D        | Noticed an azure jelly
   970 | D        | Noticed an azure jelly
   970 | D        | Noticed an azure jelly
   971 | D        | Noticed an azure jelly
   982 | D        | Noticed Rupert
   986 | D        | Annihilated by Rupert

Illustrated notes

Levels and vault maps discovered:
D:        dungeon_sprint_mu [sprint_mu_entry_forest, sprint_mu_temple_rooms,
          sprint_mu_d1_spiders, sprint_mu_d2_genie, sprint_mu_d3_branching,
          sprint_mu_orc_legion, sprint_mu_elf_gauntlet, sprint_mu_hive_nellie,
          sprint_mu_lair_fedhas, sprint_mu_vaults_butterflies,
          sprint_mu_slime_circle, sprint_mu_shoals_kraken,
          sprint_mu_snake_twists, sprint_mu_blade_basic,
          sprint_mu_crypt_fortress, sprint_mu_tomb_spiral,
          sprint_mu_vestibule_basic, sprint_mu_gehenna_hellfire,
          sprint_mu_dis_giant, sprint_mu_tartarus_statrot,
          sprint_mu_cocytus_islands, sprint_mu_zot1]

Skill      XL: |  1  2  3  4  5  6  7  8  9 10 11 |
---------------+----------------------------------+-----
Fighting       | 3 4 7 8 9 10 11 13 14 | 14.0
Dodging        | 3 4 7 8 10 11 13 | 13.8
Unarmed Combat | 4 5 9 10 12 13 15 16 | 16.2

Action                     |  1- 3 |  4- 6 |  7- 9 | 10-12 || total
---------------------------+-------+-------+-------+-------++-------
  Melee: Unarmed           |    22 |     9 |   110 |    77 ||   218
         Kick              |     2 |     3 |    36 |    33 ||    74
         Punch             |       |       |     7 |     9 ||    16
 Invoke: Brothers in Arms  |       |       |       |     2 ||     2
    Use: Potion            |     3 |       |       |     2 ||     5
         Scroll            |       |       |       |     1 ||     1
 Armour: Animal skin       |     9 |     9 |    41 |    44 ||   103
  Dodge: Dodged            |     9 |     4 |    52 |    38 ||   103

Table legend: (Time is in decaauts)
 A = Elapsed time spent in this place.
 B = Non-inter-level travel time spent in this place.
 C = Inter-level travel time spent in this place.
 D = Time resting spent in this place.
 E = Time spent auto-exploring this place.
 F = Levels seen in this place.
 G = Mean time per level.
                   A        B        C        D        E       F      G
               +--------+--------+--------+--------+--------+-----+--------+
         Total |    936 |    862 |     74 |    196 |    261 |   1 |  936.0 |
       Dungeon |    936 |    862 |     74 |    196 |    261 |   1 |  936.0 |
               +--------+--------+--------+--------+--------+-----+--------+

Top non-repeatable levels by time:
       D: 936 daAuts
